 Dungeon Crawl Stone Soup version 0.24.0-13-gcf9b3192b9 (webtiles) character file.

Game seed: 7086143725457065650, levelgen mode: deterministic

570 sking99 the Cleaver (level 7, 0/63 HPs)
             Began as a Hill Orc Monk on Nov 9, 2019.
             Was a Believer of Qazlal.
             Slain by an ogre
             ... wielding a +0 giant spiked club
              (17 damage)
             ... on level 3 of the Dungeon.
             The game lasted 00:09:02 (5032 turns).

sking99 the Cleaver (Hill Orc Monk)                 Turns: 5032, Time: 00:09:02

Health: 0/63       AC:  9    Str: 16    XL:     7   Next: 34%
Magic:  8/8        EV:  7    Int: 10    God:    Qazlal [**....]
Gold:   182        SH:  3    Dex: 13    Spells: 6/6 levels left

rFire    . . .     SeeInvis .   a - +0 hand axe
rCold    . . .     Gourm    .   (no shield)
rNeg     . . .     Faith    .   d - +0 chain mail
rPois    .         Spirit   .   m - -1 helmet (curse)
rElec    .         Reflect  .   (no cloak)
rCorr    .         Harm     .   n - +0 pair of gloves
MR       .....                  (no boots)
Stlth    ..........             (no amulet)
HPRegen  0.20/turn              (no ring)
MPRegen  0.11/turn              (no ring)

@: very slow
A: no striking features
a: Upheaval, Renounce Religion


You were on level 3 of the Dungeon.
You worshipped Qazlal.
Qazlal was pleased with you.
You were not hungry.

You visited 2 branches of the dungeon, and saw 5 of its levels.

You collected 182 gold pieces.

Inventory:

Hand Weapons
 a - a +0 hand axe (weapon)
Armour
 d - a +0 chain mail (worn)
 m - a cursed -1 helmet (worn)
 n - a +0 pair of gloves (worn)
Jewellery
 p - an uncursed ring of magical power {unknown}
 q - an uncursed ring of fire
Scrolls
 e - a scroll of teleportation
 h - a scroll of magic mapping
 i - a scroll of blinking
 j - a scroll of enchant armour {unknown}
 r - a scroll of amnesia {unknown}
Potions
 b - a potion of heal wounds {unknown}
 f - 4 potions of degeneration
 g - a potion of flight {unknown}
 k - 2 potions of curing
 l - 2 potions of lignification
 o - a potion of ambrosia {unknown}
 t - 2 potions of agility {unknown}
Comestibles
 c - 11 rations
 s - 10 chunks of flesh


   Skills:
 + Level 6.1 Fighting
 * Level 8.8 Axes
 - Level 2.4 Dodging
 - Level 1.5 Stealth
 + Level 2.5 Invocations


You had 6 spell levels left.
You didn't know any spells.
Your spell library contained the following spells:

 Spells                   Type           Power        Failure   Level  Hunger
 Magic Dart               Conj           #...         100%        1    ##.....
 Searing Ray              Conj           #.....       100%        2    ###....
 Dazzling Spray           Conj/Hex       #.....       100%        3    ####...
 Force Lance              Conj/Tloc      #.......     100%        4    #####..
 Fulminant Prism          Conj/Hex       #.........   100%        4    #####..
 Iskenderun's Mystic Bla  Conj           #.......     100%        4    #####..


Dungeon Overview and Level Annotations

Branches:
Dungeon (4/15)             Temple (1/1) D:4

Altars:
Cheibriados
Dithmenos
Elyvilon
Fedhas
Gozag
Makhleb
Nemelex Xobeh
Okawaru
Qazlal
Ru
Sif Muna
Uskayaw
Vehumet
Xom
Zin
The Shining One


Message History

Your unstable footing causes you to fumble your attack.
The gnoll barely misses you.
You hit the gnoll but do no damage.
The gnoll is lightly wounded.
The gnoll barely misses you.
You slash the gnoll!
The gnoll is heavily wounded.
You hit the ogre.
The ogre hits you with a +0 giant spiked club!
You block the gnoll's attack.
You hit the gnoll.
The gnoll is severely wounded.
You hit the ogre.
The ogre hits you with a +0 giant spiked club!!
* * * LOW HITPOINT WARNING * * *
The gnoll barely misses you.
You are too injured to fight recklessly!
You are too injured to fight recklessly!
The ogre hits you with a +0 giant spiked club!
You die...

##########.....# ........##.....#
#######.##.....# #)##....>#
#....)...# #####))).#
##########.))..##################
.................................
≈≈≈≈≈≈≈≈..))≈≈≈≈@≈≈≈≈≈≈≈≈≈≈≈≈≈≈..
≈≈≈≈≈≈≈≈..).≈g○O≈≈≈≈≈≈≈≈≈≈≈≈≈≈≈..
≈≈≈≈≈≈≈≈..))≈≈≈§≈≈≈≈≈≈≈≈#####≈≈..
..........).............#...#≈≈..
########''')#############...#≈≈P.
,......#....#........,,,#'###≈≈..
,......')...'........,,,'.#.≈≈)..
,......#....#).......,,,*,#.≈≈≈..
*####################****,#.≈≈÷..


You could see an ogre and a gnoll.

Vanquished Creatures
  A phantom (D:2)
  A crimson imp (D:2)
  A hound (D:4)
  Terence (D:3)
  24 gnolls (D:3)
  5 adders
  7 worms
  A dart slug (D:1)
  A leopard gecko (D:3)
  4 orcs (D:3)
  7 bats
  2 giant cockroaches
  6 goblins
  4 hobgoblins
  15 jackals
  4 ball pythons
  6 frilled lizards
  11 kobolds
  14 rats
115 creatures vanquished.

Notes
Turn   | Place    | Note
-------+----------+-------------------------------------------
     0 | D:1      | sking99 the Hill Orc Monk began the quest for the Orb.
     0 | D:1      | Reached XP level 1. HP: 19/19 MP: 1/1
   118 | D:1      | Reached XP level 2. HP: 24/27 MP: 2/2
   512 | D:1      | Reached skill level 5 in Axes
   662 | D:1      | Reached XP level 3. HP: 33/33 MP: 3/3
  1718 | D:2      | Reached XP level 4. HP: 31/41 MP: 4/4
  2160 | D:3      | Reached skill level 6 in Axes
  2280 | D:3      | Noticed a phantom
  2792 | D:2      | Reached XP level 5. HP: 46/47 MP: 5/5
  2830 | D:2      | Killed a phantom
  2830 | D:2      | Reached skill level 5 in Fighting
  2830 | D:2      | Reached skill level 7 in Axes
  2830 | D:2      | Reached XP level 6. HP: 44/56 MP: 6/6
  2919 | D:3      | Noticed Terence
  2954 | D:3      | Killed Terence
  3024 | D:4      | Found a staircase to the Ecumenical Temple.
  3043 | Temple   | Entered the Ecumenical Temple
  3221 | Temple   | Became a worshipper of Qazlal Stormbringer
  3221 | Temple   | Reached * piety under Qazlal
  3221 | Temple   | Reached ** piety under Qazlal
  3589 | D:3      | Reached skill level 8 in Axes
  3589 | D:3      | Reached skill level 1 in Invocations
  4342 | D:3      | Reached XP level 7. HP: 46/62 MP: 8/8
  5032 | D:3      | Slain by an ogre

Levels and vault maps discovered:
D:1:      scummos_arrival_simple_crosswalls, layout_basic,
          minmay_misc_feat_pillars, minmay_misc_feat_diagonals
D:2:      layout_loops_ring, corexii_shack
D:3:      lemuel_castle_with_subvaults [lemuel_castle_interior_carwin_1],
          layout_rooms, uniq_terence
D:4:      layout_gridville, grunt_temple_overflow_open,
          minmay_temple_entry_offerings, serial_rivers,
          chequers_serial_rivers_micro_b, chequers_serial_rivers_micro_b,
          chequers_serial_rivers_marsh, chequers_serial_rivers_small_3,
          chequers_serial_rivers_small_3, chequers_serial_rivers_small_a
Temple:   regret_index_temple_sphere_string

Skill      XL: |  1  2  3  4  5  6  7 |
---------------+----------------------+-----
Fighting       | 4 5 6 |  6.1
Axes           | 5 6 7 8 |  8.8
Invocations    | 1 2 |  2.5
Dodging        | |  2.4
Stealth        | |  1.5

Action                   |  1- 3 |  4- 6 |  7- 9 || total
-------------------------+-------+-------+-------++-------
Melee: Hand axe          |   138 |   297 |   114 ||   549
  Use: Scroll            |       |     6 |       ||     6
 Stab: Sleeping          |     3 |     1 |       ||     4
  Eat: Chunk             |     3 |     7 |     4 ||    14
Armor: Robe              |    15 |       |       ||    15
       Ring mail         |    22 |       |       ||    22
       Scale mail        |       |   123 |       ||   123
       Chain mail        |       |     2 |    42 ||    44
Dodge: Dodged            |    87 |   152 |    34 ||   273
Block: Other             |       |    13 |    11 ||    24
